Heat vs Stars

Created - Thursday, November 12, 2015 at 12:56

Goals
1 2 3 T
Heat 3 2 1 6
Stars 0 0 1 1
Shots
1 2 3 T
Heat 11 12 8 31
Stars 6 5 9 20

1st period

1. Heat , J.T. Miller 5 (Tyler Pitlick) at 10:07
2. Heat , Tyson Strachan 1 (Ryan Murphy) at 10:46 (PP)
3. Heat , Chris Tierney 9 (Matt Ellis) at 17:51 (PP)

Penalties :
Brad Malone (TEX) for Hooking (Minor) at 10:12, Austin Madaisky (TEX) for Fighting (Major) at 12:27, Konrad Abeltshauser (STO) for Fighting (Major) at 12:27, Corey Potter (STO) for Tripping (Minor) at 12:50, Corey Potter (STO) for Holding (Minor) at 15:50, Zach Sill (TEX) for Roughing (Minor) at 17:35

2nd period

4. Heat , J.T. Miller 6 (Tyler Pitlick) at 10:52
5. Heat , Andre Burakovsky 5 (Corey Potter, Johan Larsson) at 17:44

Penalties :
Zach Sill (TEX) for Fighting (Major) at 0:15, Tyson Strachan (STO) for Fighting (Major) at 0:15, Brad Malone (TEX) for Hooking (Minor) at 1:30

3rd period

6. Heat , Stephane Veilleux 2 (Chris Tierney, Tyson Strachan) at 3:07
7. Stars , Austin Madaisky 1 (Brett Ritchie, Miikka Salomaki) at 11:29

Penalties :
Brad Malone (TEX) for Fighting (Major) at 6:52, Corey Potter (STO) for Fighting (Major) at 6:52, Brad Malone (TEX) for Fighting (Major) at 16:14, Tyson Strachan (STO) for Fighting (Major) at 16:14, Konrad Abeltshauser (STO) for Cross-checking (Minor) at 16:22

Goalie Stats

Michael Leighton (STO), 19 saves from 20 shots - (0.950), W, 11-1-0, 60:00 minutes
Justin Peters (TEX), 24 saves from 30 shots - (0.800), L, 3-10-3, 59:34 minutes
Pat Nagle (TEX), 1 saves from 1 shots - (1.000), 0:26 minutes

Players Stats for Heat

Player Name              G  A  P  +/- PIM S  H  SB GA TA FO     MP     PP MP  PK MP  
------------------------------------------------------------------------------------
Andre Burakovsky         1  0  1   1  0   4  0  0  3  0  0/0    14:47   0:55   0:00 
Bogdan Yakimov           0  0  0   0  0   1  2  0  0  0  5/9    16:27   0:00   2:45 
Brenden Kichton          0  0  0   1  0   0  2  1  1  0  0/0    20:55   1:03   3:54 
Chris Tierney            1  1  2   1  0   1  1  1  2  0  5/6    17:00   1:40   0:00 
Corey Potter             0  1  1   2  9   1  3  1  1  2  0/0    17:03   0:58   1:08 
Eric Boulton             0  0  0   0  0   0  0  0  0  0  0/0     0:00   0:00   0:00 
J.T. Miller              2  0  2   1  0   5  0  0  1  1  13/19  20:52   0:55   0:00 
Johan Larsson            0  1  1   1  0   1  1  1  1  0  1/1    15:54   0:55   0:00 
Konrad Abeltshauser      0  0  0   0  7   0  1  0  1  1  0/0    15:38   0:00   0:01 
Lucas Lessio             0  0  0   1  0   0  1  0  0  0  0/0     8:45   0:00   0:00 
Matt Ellis               0  1  1   1  0   0  0  2  1  0  1/2    17:00   1:40   0:00 
Max Reinhart             0  0  0   0  0   2  2  0  2  0  1/1    16:10   0:00   2:58 
Michael Ferland          0  0  0   0  0   3  1  0  5  0  0/0    16:10   0:00   2:58 
Ryan Murphy              0  1  1   1  0   3  2  1  2  4  0/0    26:51   1:30   3:34 
Stephane Veilleux        1  0  1   1  0   5  3  0  3  0  1/2    17:00   1:40   0:00 
Tyler Pitlick            0  2  2   2  0   1  0  0  2  0  1/6    12:53   0:00   2:45 
Tyler Wotherspoon        0  0  0   0  0   1  1  0  0  2  0/0    22:51   1:03   2:50 
Tyson Strachan           1  1  2   2  10  3  3  1  0  1  0/0    17:36   0:36   0:00 

Players Stats for Stars

Player Name              G  A  P  +/- PIM S  H  SB GA TA FO     MP     PP MP  PK MP  
------------------------------------------------------------------------------------
Alexandre Grenier        0  0  0   0  0   0  1  0  0  2  1/1    20:00   3:07   0:00 
Austin Madaisky          1  0  1  -2  5   1  0  1  0  0  0/0    19:30   0:38   0:55 
Brad Malone              0  0  0   0  14  2  4  5  1  0  3/9    16:19   1:41   0:00 
Brandon Kozun            0  0  0   0  0   2  0  2  3  1  0/2    20:55   3:07   0:00 
Brent Sopel              0  0  0   0  0   0  1  1  0  2  0/0    11:10   0:00   0:00 
Brett Ponich             0  0  0   0  0   0  0  0  0  0  0/0     1:10   0:40   0:00 
Brett Ritchie            0  1  1  -1  0   2  2  0  5  1  3/18   22:12   3:16   1:43 
Bruno Gervais            0  0  0   0  0   2  0  1  0  2  0/0    26:26   4:25   0:55 
Cameron Gaunce           0  0  0  -2  0   0  1  0  0  0  0/0    22:51   2:35   1:38 
Jason Williams           0  0  0   0  0   2  2  1  1  0  1/5    16:32   0:00   0:00 
John Albert              0  0  0  -2  0   0  0  0  2  1  0/0    16:21   0:22   0:52 
Jonathan Diaby           0  0  0  -1  0   1  1  1  0  2  0/0    11:59   0:00   0:02 
Justin Shugg             0  0  0  -2  0   1  2  0  1  1  0/0    15:59   0:00   0:52 
Miikka Salomaki          0  1  1   0  0   0  0  0  0  1  5/6    12:10   0:00   1:07 
Paul Thompson            0  0  0  -3  0   3  1  0  1  0  5/5    24:18   2:36   0:02 
Rocco Grimaldi           0  0  0   0  0   0  0  0  0  0  0/0     0:00   0:00   0:00 
Steven Delisle           0  0  0  -1  0   2  0  0  0  2  0/0    26:51   3:08   1:40 
Zach Sill                0  0  0  -1  7   2  0  2  2  0  0/0    12:16   2:59   0:34 

3 Stars

1 - J.T. Miller (STO)
2 - Chris Tierney (STO)
3 - Stephane Veilleux (STO)

Power Play

Heat - 2 on 3 Attempt(s) - 66.67%
Stars - 0 on 3 Attempt(s) - 0.00%

Penalty Kill

Heat - 3 on 3 Attempt(s) - 100.00% - Score 0 goal in Penalty Kill
Stars - 1 on 3 Attempt(s) - 33.33% - Score 0 goal in Penalty Kill

Team Stat

Heat - Hits : 23 - Faceoff Wins : 28 - Blocked Shots : 8 - Penalty Minutes : 26
Stars - Hits : 15 - Faceoff Wins : 18 - Blocked Shots : 14 - Penalty Minutes : 26

Official

Referees : Unknown
Linesman : Unknown

Game Notes

Austin Madaisky beats up Konrad Abeltshauser at 12:27 of 1st period
Zach Sill beats up Tyson Strachan at 0:15 of 2nd period
Pat Nagle enters game at 10:52 of 2nd period
Pat Nagle is injured at 11:18 of 2nd period (Sprained Right Finger)
Justin Peters enters game at 11:18 of 2nd period
Corey Potter beats up Brad Malone at 6:52 of 3rd period
Tyson Strachan beats up Brad Malone at 16:14 of 3rd period

Finance

Level 1 -- Attendance: 1443 (72.15%) -- Ticket Income $50,505
Level 2 -- Attendance: 716 (71.60%) -- Ticket Income $10,740
Total Attendance: 2159 (71.97%)
Total Ticket Income: $61,245
Other Income: $30,010
Total Income: $91,255

Heat

5 vs 5 Forward 
   Center                   Left Wing                Right Wing               Time % Phy DF OF 
 1 J.T. Miller              Johan Larsson            Andre Burakovsky         35     1   2  2  
 2 Chris Tierney            Stephane Veilleux        Matt Ellis               28     1   2  2  
 3 Tyler Pitlick            Lucas Lessio             J.T. Miller              22     1   2  2  
 4 Bogdan Yakimov           Max Reinhart             Michael Ferland          15     1   2  2  

5 vs 5 Defense 
   Defense                  Defense                                           Time % Phy DF OF 
 1 Tyson Strachan           Ryan Murphy                                       35     1   2  2  
 2 Tyler Wotherspoon        Konrad Abeltshauser                               30     1   2  2  
 3 Corey Potter             Brenden Kichton                                   22     1   2  2  
 4 Tyson Strachan           Ryan Murphy                                       13     1   2  2  

PowerPlay Forward 
   Center                   Left Wing                Right Wing               Time % Phy DF OF 
 1 J.T. Miller              Johan Larsson            Andre Burakovsky         50     0   0  5  
 2 Chris Tierney            Stephane Veilleux        Matt Ellis               50     0   0  5  

PowerPlay Defense
   Defense                  Defense                                           Time % Phy DF OF 
 1 Tyson Strachan           Ryan Murphy                                       50     0   0  5  
 2 Tyler Wotherspoon        Brenden Kichton                                   50     0   0  5  

Penalty Kill 4 Players Forward 
   Center                   Wing                     Time % Phy DF OF 
 1 Bogdan Yakimov           Tyler Pitlick            50     0   5  0  
 2 Max Reinhart             Michael Ferland          50     0   5  0  

Penalty Kill 4 Players Defense
   Defense                  Defense                  Time % Phy DF OF 
 1 Konrad Abeltshauser      Corey Potter             50     0   5  0  
 2 Tyler Wotherspoon        Ryan Murphy              50     0   5  0  

Penalty Kill - 3 Players Forward 
   Forward                                           Time % Phy DF OF 
 1 Bogdan Yakimov                                    50     0   5  0  
 2 Max Reinhart                                      50     0   5  0  

Penalty Kill - 3 Players Defense
   Defense                  Defense                  Time % Phy DF OF 
 1 Tyler Wotherspoon        Tyson Strachan           50     0   5  0  
 2 Konrad Abeltshauser      Corey Potter             50     0   5  0  

4 vs 4 Forward 
   Center                   Wing                     Time % Phy DF OF 
 1 J.T. Miller              Johan Larsson            50     1   2  2  
 2 Chris Tierney            Lucas Lessio             50     1   2  2  

4 vs 4 Defense
   Defense                  Defense                  Time % Phy DF OF 
 1 Tyson Strachan           Ryan Murphy              50     1   2  2  
 2 Konrad Abeltshauser      Brenden Kichton          50     1   2  2  

Last Minutes Offensive
   Center                   Left Wing                Right Wing               Defense                  Defense                  
   J.T. Miller              Johan Larsson            Andre Burakovsky         Tyler Wotherspoon        Ryan Murphy              

Last Minutes Defensive
   Center                   Left Wing                Right Wing               Defense                  Defense                  
   Chris Tierney            Stephane Veilleux        Matt Ellis               Konrad Abeltshauser      Tyson Strachan           

Goaltenders
Starting : Michael Leighton         
Backup : Andrei Vasilevskiy       

Extra Forwards
Normal : Johan Larsson, Chris Tierney, Michael Ferland - PP : J.T. Miller, Chris Tierney - PK : Michael Ferland
Extra Defensemen
Normal : Corey Potter, Brenden Kichton, Tyler Wotherspoon - PP : Corey Potter - PK : Brenden Kichton, Tyler Wotherspoon
Penalty Shots
J.T. Miller, Johan Larsson, Stephane Veilleux, Lucas Lessio, Andre Burakovsky

Stars

5 vs 5 Forward 
   Center                   Left Wing                Right Wing               Time % Phy DF OF 
 1 Brett Ritchie            Paul Thompson            Zach Sill                35     1   2  2  
 2 Brad Malone              Brandon Kozun            Alexandre Grenier        30     1   2  2  
 3 Paul Thompson            John Albert              Justin Shugg             22     1   2  2  
 4 Miikka Salomaki          Jason Williams           Brett Ritchie            13     1   2  2  

5 vs 5 Defense 
   Defense                  Defense                                           Time % Phy DF OF 
 1 Steven Delisle           Bruno Gervais                                     35     1   2  2  
 2 Cameron Gaunce           Austin Madaisky                                   30     1   2  2  
 3 Steven Delisle           Jonathan Diaby                                    22     1   2  2  
 4 Brent Sopel              Bruno Gervais                                     13     1   2  2  

PowerPlay Forward 
   Center                   Left Wing                Right Wing               Time % Phy DF OF 
 1 Brett Ritchie            Paul Thompson            Zach Sill                60     1   2  2  
 2 Brad Malone              Brandon Kozun            Alexandre Grenier        40     1   2  2  

PowerPlay Defense
   Defense                  Defense                                           Time % Phy DF OF 
 1 Steven Delisle           Bruno Gervais                                     60     1   2  2  
 2 Cameron Gaunce           Austin Madaisky                                   40     1   2  2  

Penalty Kill 4 Players Forward 
   Center                   Wing                     Time % Phy DF OF 
 1 Brett Ritchie            Zach Sill                60     1   2  2  
 2 Brandon Kozun            Paul Thompson            40     1   2  2  

Penalty Kill 4 Players Defense
   Defense                  Defense                  Time % Phy DF OF 
 1 Austin Madaisky          Bruno Gervais            60     1   2  2  
 2 Steven Delisle           Cameron Gaunce           40     1   2  2  

Penalty Kill - 3 Players Forward 
   Forward                                           Time % Phy DF OF 
 1 Brett Ritchie                                     60     1   2  2  
 2 Justin Shugg                                      40     1   2  2  

Penalty Kill - 3 Players Defense
   Defense                  Defense                  Time % Phy DF OF 
 1 Cameron Gaunce           Austin Madaisky          60     1   2  2  
 2 Brent Sopel              Bruno Gervais            40     1   2  2  

4 vs 4 Forward 
   Center                   Wing                     Time % Phy DF OF 
 1 Brett Ritchie            Paul Thompson            60     1   2  2  
 2 Zach Sill                John Albert              40     1   2  2  

4 vs 4 Defense
   Defense                  Defense                  Time % Phy DF OF 
 1 Bruno Gervais            Cameron Gaunce           60     1   2  2  
 2 Jonathan Diaby           Steven Delisle           40     1   2  2  

Last Minutes Offensive
   Center                   Left Wing                Right Wing               Defense                  Defense                  
   Brett Ritchie            Zach Sill                Brad Malone              Cameron Gaunce           Bruno Gervais            

Last Minutes Defensive
   Center                   Left Wing                Right Wing               Defense                  Defense                  
   Brett Ritchie            Zach Sill                Brad Malone              Cameron Gaunce           Bruno Gervais            

Goaltenders
Starting : Justin Peters            
Backup : Pat Nagle                

Extra Forwards
Normal : Jason Williams, Brett Ritchie, Zach Sill - PP : Brett Ritchie, Zach Sill - PK : Miikka Salomaki
Extra Defensemen
Normal : Brent Sopel, Jonathan Diaby, Bruno Gervais - PP : Bruno Gervais - PK : Austin Madaisky, Bruno Gervais
Penalty Shots
Jason Williams, Brett Ritchie, Zach Sill, Brandon Kozun, Paul Thompson

% Time on Ice - Heat

Lines # - Real PCT - Wanted PCT - Time Play
Normal Forward
1 - 28% - 35% - 14:10
2 - 30% - 28% - 15:36
3 - 17% - 22% - 8:45
4 - 25% - 15% - 12:57
Normal Defense
1 - 32% - 35% - 16:21
2 - 31% - 30% - 16:05
3 - 29% - 22% - 15:05
4 - 8% - 13% - 3:57
PP Forward
1 - 35% - 50% - 0:55
2 - 65% - 50% - 1:40
PP Defense
1 - 59% - 50% - 1:32
2 - 41% - 50% - 1:03
PK Forward
1 - 48% - 50% - 2:45
2 - 52% - 50% - 2:58
PK Defense
1 - 85% - 50% - 4:52
2 - 15% - 50% - 0:51
PK3 Forward
1 - 0% - 50%
2 - 0% - 50%
PK3 Defense
1 - 0% - 50%
2 - 0% - 50%
44 Forward
1 - 100% - 50% - 0:14
2 - 0% - 50% - 0:00
44 Defense
1 - 0% - 50% - 0:00
2 - 100% - 50% - 0:14
Last Minute Offensive  - 0:00
Last Minute Defensive  - 0:00
Total
Forward - 60:00
Defense - 60:00

% Time on Ice - Stars

Lines # - Real PCT - Wanted PCT - Time Play
Normal Forward
1 - 17% - 35% - 8:34
2 - 33% - 30% - 16:53
3 - 29% - 22% - 14:58
4 - 21% - 13% - 11:03
Normal Defense
1 - 19% - 35% - 9:56
2 - 36% - 30% - 18:38
3 - 23% - 22% - 11:43
4 - 22% - 13% - 11:11
PP Forward
1 - 45% - 60% - 2:36
2 - 55% - 40% - 3:07
PP Defense
1 - 55% - 60% - 3:08
2 - 45% - 40% - 2:35
PK Forward
1 - 100% - 60% - 2:35
2 - 0% - 40% - 0:00
PK Defense
1 - 35% - 60% - 0:55
2 - 65% - 40% - 1:40
PK3 Forward
1 - 0% - 60%
2 - 0% - 40%
PK3 Defense
1 - 0% - 60%
2 - 0% - 40%
44 Forward
1 - 100% - 60% - 0:14
2 - 0% - 40% - 0:00
44 Defense
1 - 0% - 60% - 0:00
2 - 100% - 40% - 0:14
Last Minute Offensive  - 0:00
Last Minute Defensive  - 0:00
Total
Forward - 60:00
Defense - 60:00

Play by Play

1st period


0:01 of 1st period - J.T. Miller wins face-off versus Brett Ritchie in neutral zone.
0:08 of 1st period - Wrist shot by J.T. Miller.
0:08 of 1st period - Stopped by Justin Peters without a rebound.
0:09 of 1st period - J.T. Miller wins face-off versus Brett Ritchie in Stars zone.
0:12 of 1st period - Snap shot by Andre Burakovsky.
0:12 of 1st period - Shot Misses the Net.
0:34 of 1st period - Wrist shot by Brett Ritchie.
0:34 of 1st period - Shot Misses the Net.
1:01 of 1st period - Steven Delisle is hit by Stephane Veilleux and loses puck.
1:24 of 1st period - Wrist shot by Stephane Veilleux.
1:24 of 1st period - Stopped by Justin Peters with a rebound.
1:26 of 1st period - Slapshot by Konrad Abeltshauser.
1:26 of 1st period - Shot Blocked by Brandon Kozun.
1:28 of 1st period - Snap shot by Matt Ellis.
1:28 of 1st period - Shot Misses the Net.
1:30 of 1st period - Slapshot by Matt Ellis.
1:30 of 1st period - Deflect By Stephane Veilleux.
1:30 of 1st period - Stopped by Justin Peters without a rebound.
1:31 of 1st period - Paul Thompson wins face-off versus Bogdan Yakimov in Stars zone.
3:16 of 1st period - Matt Ellis is hit by Brad Malone and loses puck.
3:34 of 1st period - Brett Ritchie is hit by Konrad Abeltshauser and loses puck.
3:39 of 1st period - Wrist shot by Chris Tierney.
3:39 of 1st period - Shot Misses the Net.
3:49 of 1st period - Brett Ritchie is hit by Tyson Strachan and loses puck.
3:56 of 1st period - Stephane Veilleux is hit by Brett Ritchie and loses puck.
4:11 of 1st period - Snap shot by Paul Thompson.
4:11 of 1st period - Stopped by Michael Leighton with a rebound.
4:18 of 1st period - Slapshot by John Albert.
4:18 of 1st period - Shot Blocked by Tyson Strachan.
4:48 of 1st period - Snap shot by Michael Ferland.
4:48 of 1st period - Shot Misses the Net.
4:50 of 1st period - Slapshot by Corey Potter.
4:50 of 1st period - Shot Misses the Net.
4:52 of 1st period - Slapshot by Michael Ferland.
4:52 of 1st period - Stopped by Justin Peters without a rebound.
4:53 of 1st period - J.T. Miller wins face-off versus Brad Malone in Stars zone.
5:04 of 1st period - Wrist shot by Andre Burakovsky.
5:04 of 1st period - Stopped by Justin Peters with a rebound.
5:06 of 1st period - Snap shot by Johan Larsson.
5:06 of 1st period - Shot Misses the Net.
5:08 of 1st period - Snap shot by J.T. Miller.
5:08 of 1st period - Shot Misses the Net.
5:10 of 1st period - Backhand shot by Tyler Wotherspoon.
5:10 of 1st period - Deflect By Brad Malone.
5:10 of 1st period - Stopped by Justin Peters without a rebound.
5:11 of 1st period - Johan Larsson wins face-off versus Brad Malone in Stars zone.
5:56 of 1st period - Slapshot by Ryan Murphy.
5:56 of 1st period - Deflect By Michael Ferland.
5:56 of 1st period - Shot Misses the Net.
5:56 of 1st period - Puck is out of play.
5:57 of 1st period - Paul Thompson wins face-off versus Tyler Pitlick in Stars zone.
5:57 of 1st period - Paul Thompson is hit by Ryan Murphy.
6:42 of 1st period - Jonathan Diaby is hit by Bogdan Yakimov.
8:32 of 1st period - Brent Sopel is hit by Michael Ferland and loses puck.
8:37 of 1st period - Slapshot by Ryan Murphy.
8:37 of 1st period - Stopped by Justin Peters with a rebound.
8:39 of 1st period - Wrist shot by Max Reinhart.
8:39 of 1st period - Shot Misses the Net.
8:41 of 1st period - Slapshot by Tyson Strachan.
8:41 of 1st period - Shot Blocked by Brent Sopel.
8:43 of 1st period - Wrist shot by Michael Ferland.
8:43 of 1st period - Shot Blocked by Bruno Gervais.
9:30 of 1st period - Wrist shot by Jason Williams.
9:30 of 1st period - Stopped by Michael Leighton without a rebound.
9:31 of 1st period - Bogdan Yakimov wins face-off versus Miikka Salomaki in Heat zone.
9:31 of 1st period - Bogdan Yakimov is hit by Jason Williams.
10:03 of 1st period - Wrist shot by J.T. Miller.
10:03 of 1st period - Shot Misses the Net.
10:05 of 1st period - Backhand shot by Tyler Pitlick.
10:05 of 1st period - Shot Blocked by Jason Williams.
10:07 of 1st period - Snap shot by J.T. Miller.
10:07 of 1st period - Goal by J.T. Miller - Heat : 1 - Stars : 0.
10:08 of 1st period - Stephane Veilleux wins face-off versus Brad Malone in neutral zone.
10:12 of 1st period - Minor Penalty to Brad Malone for Hooking.
10:13 of 1st period - Chris Tierney wins face-off versus Brett Ritchie in Stars zone.
10:17 of 1st period - Slapshot by Ryan Murphy.
10:17 of 1st period - Shot Blocked by Zach Sill.
10:19 of 1st period - Slapshot by Ryan Murphy.
10:19 of 1st period - Stopped by Justin Peters without a rebound.
10:20 of 1st period - Chris Tierney wins face-off versus Brett Ritchie in Stars zone.
10:21 of 1st period - Slapshot by Ryan Murphy.
10:21 of 1st period - Deflect By Chris Tierney.
10:21 of 1st period - Shot Blocked by Zach Sill.
10:21 of 1st period - Puck is out of play.
10:22 of 1st period - Chris Tierney wins face-off versus Brett Ritchie in Stars zone.
10:23 of 1st period - Slapshot by Ryan Murphy.
10:23 of 1st period - Shot Misses the Net.
10:46 of 1st period - Slapshot by Tyson Strachan.
10:46 of 1st period - Goal by Tyson Strachan - Heat : 2 - Stars : 0.
10:47 of 1st period - Alexandre Grenier wins face-off versus J.T. Miller in neutral zone.
11:34 of 1st period - Slapshot by Justin Shugg.
11:34 of 1st period - Shot Misses the Net.
11:42 of 1st period - Snap shot by John Albert.
11:42 of 1st period - Shot Blocked by Chris Tierney.
12:27 of 1st period - Austin Madaisky beats up Konrad Abeltshauser.
12:27 of 1st period - Penalty to Austin Madaisky for Fighting.
12:27 of 1st period - Penalty to Konrad Abeltshauser for Fighting.
12:28 of 1st period - J.T. Miller wins face-off versus Brad Malone in neutral zone.
12:47 of 1st period - Slapshot by Brad Malone.
12:47 of 1st period - Stopped by Michael Leighton without a rebound.
12:48 of 1st period - J.T. Miller wins face-off versus Brad Malone in Heat zone.
12:50 of 1st period - Minor Penalty to Corey Potter for Tripping.
12:51 of 1st period - Brett Ritchie wins face-off versus Bogdan Yakimov in Heat zone.
13:19 of 1st period - Slapshot by Brett Ritchie.
13:19 of 1st period - Shot Misses the Net.
13:21 of 1st period - Slapshot by Bruno Gervais.
13:21 of 1st period - Stopped by Michael Leighton with a rebound.
13:23 of 1st period - Backhand shot by Zach Sill.
13:23 of 1st period - Stopped by Michael Leighton with a rebound.
13:25 of 1st period - Slapshot by Steven Delisle.
13:25 of 1st period - Stopped by Michael Leighton with a rebound.
14:21 of 1st period - Brett Ritchie is hit by Max Reinhart and loses puck.
14:46 of 1st period - Bogdan Yakimov is hit by Alexandre Grenier and loses puck.
14:50 of 1st period - Penalty to Corey Potter is over, Corey Potter is back on ice.
15:50 of 1st period - Minor Penalty to Corey Potter for Holding.
15:51 of 1st period - Max Reinhart wins face-off versus Brett Ritchie in Heat zone.
16:27 of 1st period - Wrist shot by Brandon Kozun.
16:27 of 1st period - Shot Misses the Net.
17:11 of 1st period - Brett Ponich is hit by Brenden Kichton and loses puck.
17:27 of 1st period - Penalty to Konrad Abeltshauser is over, Konrad Abeltshauser is back on ice.
17:35 of 1st period - Minor Penalty to Zach Sill for Roughing.
17:36 of 1st period - J.T. Miller wins face-off versus Brett Ritchie in Stars zone.
17:47 of 1st period - Wrist shot by Johan Larsson.
17:47 of 1st period - Shot Misses the Net.
17:49 of 1st period - Slapshot by J.T. Miller.
17:49 of 1st period - Deflect By Johan Larsson.
17:49 of 1st period - Shot Misses the Net.
17:49 of 1st period - Puck is out of play.
17:50 of 1st period - Penalty to Corey Potter is over, Corey Potter is back on ice.
17:50 of 1st period - Matt Ellis wins face-off versus Brett Ritchie in Stars zone.
17:51 of 1st period - Slapshot by Chris Tierney.
17:51 of 1st period - Goal by Chris Tierney - Heat : 3 - Stars : 0.
17:52 of 1st period - Brad Malone wins face-off versus J.T. Miller in neutral zone.
18:17 of 1st period - Snap shot by J.T. Miller.
18:17 of 1st period - Shot Blocked by Jonathan Diaby.
18:19 of 1st period - Snap shot by Johan Larsson.
18:19 of 1st period - Shot Blocked by Brad Malone.
19:16 of 1st period - Cameron Gaunce is hit by Corey Potter and loses puck.
19:45 of 1st period - Icing by Miikka Salomaki.
19:46 of 1st period - Miikka Salomaki wins face-off versus Tyler Pitlick in Stars zone.
19:51 of 1st period - Lucas Lessio is hit by Jason Williams.
19:56 of 1st period - Icing by Tyler Pitlick.
19:57 of 1st period - Miikka Salomaki wins face-off versus Tyler Pitlick in Heat zone.
Goals for this period are 3 for Heat vs 0 for Stars.
Shots for this period are 11 for Heat vs 6 for Stars.

2nd period


0:01 of 2nd period - Tyler Pitlick wins face-off versus Brett Ritchie in neutral zone.
0:15 of 2nd period - Zach Sill beats up Tyson Strachan.
0:15 of 2nd period - Penalty to Zach Sill for Fighting.
0:15 of 2nd period - Penalty to Tyson Strachan for Fighting.
0:16 of 2nd period - Brett Ritchie wins face-off versus J.T. Miller in Heat zone.
0:20 of 2nd period - Off-side.
0:21 of 2nd period - J.T. Miller wins face-off versus Brett Ritchie in neutral zone.
0:38 of 2nd period - Andre Burakovsky is hit by Paul Thompson and loses puck.
0:49 of 2nd period - Wrist shot by Jason Williams.
0:49 of 2nd period - Shot Misses the Net.
1:07 of 2nd period - Jason Williams is hit by Stephane Veilleux.
1:11 of 2nd period - Jason Williams is hit by Ryan Murphy and loses puck.
1:24 of 2nd period - Brandon Kozun is hit by Corey Potter and loses puck.
1:30 of 2nd period - Minor Penalty to Brad Malone for Hooking.
1:31 of 2nd period - J.T. Miller wins face-off versus Brett Ritchie in Stars zone.
1:49 of 2nd period - Slapshot by Andre Burakovsky.
1:49 of 2nd period - Deflect By J.T. Miller.
1:49 of 2nd period - Stopped by Justin Peters with a rebound.
1:51 of 2nd period - Slapshot by Andre Burakovsky.
1:51 of 2nd period - Stopped by Justin Peters without a rebound.
1:52 of 2nd period - Chris Tierney wins face-off versus Brett Ritchie in Stars zone.
3:20 of 2nd period - Wrist shot by Chris Tierney.
3:20 of 2nd period - Shot Hit the Post.
3:30 of 2nd period - Penalty to Brad Malone is over, Brad Malone is back on ice.
3:54 of 2nd period - Snap shot by Michael Ferland.
3:54 of 2nd period - Shot Blocked by Brad Malone.
3:56 of 2nd period - Snap shot by Bogdan Yakimov.
3:56 of 2nd period - Stopped by Justin Peters with a rebound.
3:58 of 2nd period - Snap shot by Max Reinhart.
3:58 of 2nd period - Stopped by Justin Peters with a rebound.
4:02 of 2nd period - Snap shot by Max Reinhart.
4:02 of 2nd period - Stopped by Justin Peters with a rebound.
4:04 of 2nd period - Slapshot by Konrad Abeltshauser.
4:04 of 2nd period - Shot Blocked by Brad Malone.
5:02 of 2nd period - Slapshot by Ryan Murphy.
5:02 of 2nd period - Shot Misses the Net.
8:10 of 2nd period - Slapshot by Andre Burakovsky.
8:10 of 2nd period - Deflect By Lucas Lessio.
8:10 of 2nd period - Shot Misses the Net.
8:10 of 2nd period - Puck is out of play.
8:11 of 2nd period - Paul Thompson wins face-off versus Tyler Pitlick in Stars zone.
9:00 of 2nd period - Steven Delisle is hit by Lucas Lessio and loses puck.
9:15 of 2nd period - Chris Tierney is hit by Jonathan Diaby.
9:21 of 2nd period - Slapshot by Ryan Murphy.
9:21 of 2nd period - Stopped by Justin Peters with a rebound.
9:23 of 2nd period - Wrist shot by Stephane Veilleux.
9:23 of 2nd period - Shot Misses the Net.
10:01 of 2nd period - Icing by Andre Burakovsky.
10:02 of 2nd period - Paul Thompson wins face-off versus J.T. Miller in Heat zone.
10:30 of 2nd period - Icing by Brad Malone.
10:31 of 2nd period - Chris Tierney wins face-off versus Brad Malone in Stars zone.
10:52 of 2nd period - Snap shot by J.T. Miller.
10:52 of 2nd period - Goal by J.T. Miller - Heat : 4 - Stars : 0.
10:52 of 2nd period - Pat Nagle enters game.
10:53 of 2nd period - Paul Thompson wins face-off versus Bogdan Yakimov in neutral zone.
11:18 of 2nd period - Snap shot by Michael Ferland.
11:18 of 2nd period - Deflect By Paul Thompson.
11:18 of 2nd period - Stopped by Pat Nagle with a rebound.
11:18 of 2nd period - Pat Nagle from Stars is injured at 11:18 of 2nd period (Sprained Right Finger).
11:18 of 2nd period - Justin Peters enters game.
11:19 of 2nd period - J.T. Miller wins face-off versus Brett Ritchie in Stars zone.
11:39 of 2nd period - Wrist shot by Andre Burakovsky.
11:39 of 2nd period - Shot Misses the Net.
12:17 of 2nd period - Snap shot by Stephane Veilleux.
12:17 of 2nd period - Stopped by Justin Peters with a rebound.
12:23 of 2nd period - Stephane Veilleux is hit by Brad Malone and loses puck.
12:30 of 2nd period - Snap shot by Brad Malone.
12:30 of 2nd period - Shot Misses the Net.
12:32 of 2nd period - Slapshot by Austin Madaisky.
12:32 of 2nd period - Shot Misses the Net.
12:34 of 2nd period - Wrist shot by Brandon Kozun.
12:34 of 2nd period - Shot Misses the Net.
12:36 of 2nd period - Snap shot by Alexandre Grenier.
12:36 of 2nd period - Shot Misses the Net.
12:38 of 2nd period - Slapshot by Austin Madaisky.
12:38 of 2nd period - Shot Blocked by Matt Ellis.
12:50 of 2nd period - Austin Madaisky is hit by Brenden Kichton and loses puck.
13:32 of 2nd period - Brett Ritchie is hit by Corey Potter and loses puck.
15:07 of 2nd period - Snap shot by Brad Malone.
15:07 of 2nd period - Shot Misses the Net.
15:09 of 2nd period - Slapshot by Brad Malone.
15:09 of 2nd period - Shot Misses the Net.
15:11 of 2nd period - Wrist shot by Brandon Kozun.
15:11 of 2nd period - Stopped by Michael Leighton with a rebound.
15:52 of 2nd period - Ryan Murphy is hit by Justin Shugg and loses puck.
16:09 of 2nd period - Snap shot by Brad Malone.
16:09 of 2nd period - Stopped by Michael Leighton with a rebound.
16:11 of 2nd period - Slapshot by Brad Malone.
16:11 of 2nd period - Shot Blocked by Ryan Murphy.
17:40 of 2nd period - Snap shot by Johan Larsson.
17:40 of 2nd period - Shot Blocked by Austin Madaisky.
17:42 of 2nd period - Slapshot by Corey Potter.
17:42 of 2nd period - Stopped by Justin Peters with a rebound.
17:44 of 2nd period - Snap shot by Andre Burakovsky.
17:44 of 2nd period - Goal by Andre Burakovsky - Heat : 5 - Stars : 0.
17:45 of 2nd period - Brad Malone wins face-off versus J.T. Miller in neutral zone.
17:54 of 2nd period - Snap shot by Brandon Kozun.
17:54 of 2nd period - Stopped by Michael Leighton with a rebound.
17:56 of 2nd period - Wrist shot by Brad Malone.
17:56 of 2nd period - Shot Misses the Net.
17:58 of 2nd period - Snap shot by Brad Malone.
17:58 of 2nd period - Shot Misses the Net.
18:00 of 2nd period - Slapshot by Jonathan Diaby.
18:00 of 2nd period - Stopped by Michael Leighton with a rebound.
18:02 of 2nd period - Snap shot by Steven Delisle.
18:02 of 2nd period - Stopped by Michael Leighton with a rebound.
18:24 of 2nd period - Steven Delisle is hit by Stephane Veilleux and loses puck.
18:41 of 2nd period - Chris Tierney is hit by Justin Shugg and loses puck.
19:06 of 2nd period - Slapshot by Michael Ferland.
19:06 of 2nd period - Stopped by Justin Peters with a rebound.
19:36 of 2nd period - Slapshot by Bruno Gervais.
19:36 of 2nd period - Shot Misses the Net.
19:38 of 2nd period - Wrist shot by Miikka Salomaki.
19:38 of 2nd period - Shot Misses the Net.
19:40 of 2nd period - Snap shot by Miikka Salomaki.
19:40 of 2nd period - Shot Misses the Net.
19:54 of 2nd period - Tyler Wotherspoon is hit by Brent Sopel and loses puck.
Goals for this period are 2 for Heat vs 0 for Stars.
Shots for this period are 12 for Heat vs 5 for Stars.

3rd period


0:01 of 3rd period - Brett Ritchie wins face-off versus J.T. Miller in neutral zone.
0:20 of 3rd period - Zach Sill is hit by Johan Larsson and loses puck.
0:31 of 3rd period - Snap shot by J.T. Miller.
0:31 of 3rd period - Shot Misses the Net.
0:56 of 3rd period - Cameron Gaunce is hit by Tyson Strachan and loses puck.
2:07 of 3rd period - Off-side.
2:08 of 3rd period - Miikka Salomaki wins face-off versus Tyler Pitlick in neutral zone.
2:25 of 3rd period - Snap shot by Tyler Pitlick.
2:25 of 3rd period - Stopped by Justin Peters with a rebound.
2:27 of 3rd period - Snap shot by J.T. Miller.
2:27 of 3rd period - Shot Misses the Net.
2:29 of 3rd period - Slapshot by Corey Potter.
2:29 of 3rd period - Shot Misses the Net.
2:59 of 3rd period - Slapshot by Ryan Murphy.
2:59 of 3rd period - Shot Misses the Net.
3:01 of 3rd period - Slapshot by Tyson Strachan.
3:01 of 3rd period - Stopped by Justin Peters with a rebound.
3:03 of 3rd period - Slapshot by Tyson Strachan.
3:03 of 3rd period - Stopped by Justin Peters with a rebound.
3:05 of 3rd period - Slapshot by Chris Tierney.
3:05 of 3rd period - Shot Misses the Net.
3:07 of 3rd period - Wrist shot by Stephane Veilleux.
3:07 of 3rd period - Goal by Stephane Veilleux - Heat : 6 - Stars : 0.
3:08 of 3rd period - Brad Malone wins face-off versus Bogdan Yakimov in neutral zone.
3:31 of 3rd period - Snap shot by Michael Ferland.
3:31 of 3rd period - Shot Blocked by Brad Malone.
3:33 of 3rd period - Slapshot by Ryan Murphy.
3:33 of 3rd period - Shot Misses the Net.
3:35 of 3rd period - Wrist shot by Michael Ferland.
3:35 of 3rd period - Shot Blocked by Brad Malone.
3:39 of 3rd period - Slapshot by Ryan Murphy.
3:39 of 3rd period - Shot Misses the Net.
6:06 of 3rd period - Cameron Gaunce is hit by Bogdan Yakimov and loses puck.
6:30 of 3rd period - Slapshot by Brett Ritchie.
6:30 of 3rd period - Stopped by Michael Leighton without a rebound.
6:31 of 3rd period - Miikka Salomaki wins face-off versus Stephane Veilleux in Heat zone.
6:52 of 3rd period - Corey Potter beats up Brad Malone.
6:52 of 3rd period - Penalty to Brad Malone for Fighting.
6:52 of 3rd period - Penalty to Corey Potter for Fighting.
6:53 of 3rd period - J.T. Miller wins face-off versus Jason Williams in Stars zone.
7:04 of 3rd period - Backhand shot by Johan Larsson.
7:04 of 3rd period - Stopped by Justin Peters with a rebound.
7:06 of 3rd period - Slapshot by Tyler Wotherspoon.
7:06 of 3rd period - Deflect By Johan Larsson.
7:06 of 3rd period - Shot Misses the Net.
7:06 of 3rd period - Puck is out of play.
7:07 of 3rd period - J.T. Miller wins face-off versus Jason Williams in Stars zone.
7:12 of 3rd period - Wrist shot by Andre Burakovsky.
7:12 of 3rd period - Shot Blocked by Brandon Kozun.
7:14 of 3rd period - Slapshot by J.T. Miller.
7:14 of 3rd period - Stopped by Justin Peters with a rebound.
7:26 of 3rd period - Snap shot by J.T. Miller.
7:26 of 3rd period - Shot Misses the Net.
7:59 of 3rd period - Slapshot by Paul Thompson.
7:59 of 3rd period - Stopped by Michael Leighton with a rebound.
8:01 of 3rd period - Slapshot by Bruno Gervais.
8:01 of 3rd period - Shot Blocked by Brenden Kichton.
8:03 of 3rd period - Snap shot by Justin Shugg.
8:03 of 3rd period - Stopped by Michael Leighton with a rebound.
8:05 of 3rd period - Slapshot by Bruno Gervais.
8:05 of 3rd period - Stopped by Michael Leighton with a rebound.
8:33 of 3rd period - Slapshot by Brett Ritchie.
8:33 of 3rd period - Shot Blocked by Matt Ellis.
8:35 of 3rd period - Snap shot by Zach Sill.
8:35 of 3rd period - Shot Misses the Net.
8:37 of 3rd period - Slapshot by Zach Sill.
8:37 of 3rd period - Stopped by Michael Leighton with a rebound.
8:57 of 3rd period - Snap shot by Jason Williams.
8:57 of 3rd period - Shot Misses the Net.
8:59 of 3rd period - Snap shot by Jason Williams.
8:59 of 3rd period - Stopped by Michael Leighton without a rebound.
9:00 of 3rd period - Bogdan Yakimov wins face-off versus Brandon Kozun in Heat zone.
9:25 of 3rd period - Snap shot by Brett Ritchie.
9:25 of 3rd period - Deflect By Zach Sill.
9:25 of 3rd period - Shot Misses the Net.
9:25 of 3rd period - Puck is out of play.
9:26 of 3rd period - J.T. Miller wins face-off versus Brett Ritchie in Heat zone.
9:37 of 3rd period - Tyson Strachan is hit by Cameron Gaunce.
9:40 of 3rd period - Off-side.
9:41 of 3rd period - J.T. Miller wins face-off versus Jason Williams in neutral zone.
9:46 of 3rd period - Bruno Gervais is hit by Tyson Strachan and loses puck.
10:38 of 3rd period - Wrist shot by Max Reinhart.
10:38 of 3rd period - Shot Misses the Net.
10:40 of 3rd period - Snap shot by Michael Ferland.
10:40 of 3rd period - Shot Misses the Net.
11:29 of 3rd period - Backhand shot by Austin Madaisky.
11:29 of 3rd period - Goal by Austin Madaisky - Heat : 6 - Stars : 1.
11:30 of 3rd period - Jason Williams wins face-off versus Chris Tierney in neutral zone.
11:37 of 3rd period - Snap shot by Jason Williams.
11:37 of 3rd period - Shot Misses the Net.
12:09 of 3rd period - Icing by Alexandre Grenier.
12:10 of 3rd period - Bogdan Yakimov wins face-off versus Brandon Kozun in Stars zone.
12:15 of 3rd period - Slapshot by Michael Ferland.
12:15 of 3rd period - Shot Misses the Net.
12:29 of 3rd period - Jason Williams is hit by Max Reinhart and loses puck.
13:38 of 3rd period - Corey Potter is hit by Brad Malone and loses puck.
13:53 of 3rd period - Backhand shot by Brad Malone.
13:53 of 3rd period - Shot Blocked by Johan Larsson.
13:55 of 3rd period - Wrist shot by Justin Shugg.
13:55 of 3rd period - Shot Blocked by Corey Potter.
13:57 of 3rd period - Slapshot by Brad Malone.
13:57 of 3rd period - Shot Misses the Net.
14:07 of 3rd period - Johan Larsson is hit by Brad Malone and loses puck.
14:28 of 3rd period - Snap shot by Matt Ellis.
14:28 of 3rd period - Shot Misses the Net.
14:30 of 3rd period - Slapshot by Konrad Abeltshauser.
14:30 of 3rd period - Shot Misses the Net.
14:32 of 3rd period - Wrist shot by Stephane Veilleux.
14:32 of 3rd period - Stopped by Justin Peters without a rebound.
14:33 of 3rd period - Miikka Salomaki wins face-off versus Matt Ellis in Stars zone.
14:50 of 3rd period - Tyler Wotherspoon is hit by Brett Ritchie and loses puck.
16:14 of 3rd period - Tyson Strachan beats up Brad Malone.
16:14 of 3rd period - Penalty to Brad Malone for Fighting.
16:14 of 3rd period - Penalty to Tyson Strachan for Fighting.
16:15 of 3rd period - Bogdan Yakimov wins face-off versus Jason Williams in neutral zone.
16:22 of 3rd period - Minor Penalty to Konrad Abeltshauser for Cross-checking.
16:23 of 3rd period - Bogdan Yakimov wins face-off versus Brett Ritchie in Heat zone.
17:15 of 3rd period - Snap shot by Brett Ritchie.
17:15 of 3rd period - Stopped by Michael Leighton with a rebound.
17:17 of 3rd period - Snap shot by Paul Thompson.
17:17 of 3rd period - Stopped by Michael Leighton with a rebound.
17:19 of 3rd period - Snap shot by Cameron Gaunce.
17:19 of 3rd period - Shot Misses the Net.
17:21 of 3rd period - Slapshot by Paul Thompson.
17:21 of 3rd period - Shot Misses the Net.
18:22 of 3rd period - Penalty to Konrad Abeltshauser is over, Konrad Abeltshauser is back on ice.
18:53 of 3rd period - Steven Delisle is hit by Tyler Wotherspoon and loses puck.
19:12 of 3rd period - Slapshot by Ryan Murphy.
19:12 of 3rd period - Shot Misses the Net.
19:14 of 3rd period - Wrist shot by Andre Burakovsky.
19:14 of 3rd period - Stopped by Justin Peters with a rebound.
19:41 of 3rd period - Paul Thompson is hit by Chris Tierney and loses puck.
Goals for this period are 1 for Heat vs 1 for Stars.
Shots for this period are 8 for Heat vs 9 for Stars.